 Dungeon Crawl Stone Soup version 0.29-a0-1008-g949cc1d0fb (webtiles) character file.

Game seed: 18360145222177005022

722 Zonian the Gusty (level 7, -1/40 HPs)
             Began as a Tengu Air Elementalist on Aug 7, 2022.
             Killed by their own static electricity (4 damage)
             ... on level 5 of the Dungeon.
             The game lasted 00:09:39 (6490 turns).

Zonian the Gusty (Tengu Air Elementalist)           Turns: 6490, Time: 00:09:39

Health: -1/40      AC:  4    Str:  8    XL:     7   Next: 71%
Magic:  11/13      EV: 16    Int: 18    God:
Gold:   241        SH:  5    Dex: 14    Spells: 7/13 levels left

rFire   . . .      SeeInvis .   g - +1 dagger (protect)
rCold   . . .      Faith    .   (no shield)
rNeg    . . .      Spirit   .   a - +1 robe
rPois   .          Reflect  +   (helmet restricted)
rElec   .          Harm     .   s - +0 cloak
rCorr   .          Rampage  .   (no gloves)
Will    .....                   (boots unavailable)
Stlth   +++.......              e - amulet of reflection
HPRegen 0.13/turn               (no ring)
MPRegen 0.13/turn               (no ring)

@: weakened, flying quickly and evasively, very slightly contaminated, quick
A: beak, talons 3, nimble flight
a: no special abilities


You were on level 5 of the Dungeon.
You visited 1 branch of the dungeon, and saw 5 of its levels.

You collected 241 gold pieces.

Inventory:

Hand Weapons
 f - a +0 club
 g - a +1 dagger of protection (weapon)
Missiles
 t - 4 poisoned darts
Armour
 a - a +1 robe (worn)
 s - a +0 cloak (worn)
Jewellery
 e - an amulet of reflection (around neck)
 o - a ring of poison resistance
Wands
 m - a wand of digging (9)
 q - a wand of mindburst (7)
Scrolls
 j - a scroll of amnesia
Potions
 c - a potion of lignification
 d - 2 potions of mutation
 h - a potion of heal wounds {unknown}
 i - a potion of curing {unknown}
 k - 3 potions of ambrosia {unknown}
 l - a potion of degeneration {unknown}
 n - 2 potions of might {unknown}
 p - a potion of cancellation {unknown}
 r - 3 potions of resistance {unknown}


   Skills:
 + Level 2.3 Fighting
 + Level 4.3 Dodging
 + Level 4.0 Stealth
 + Level 3.8 Spellcasting
 + Level 4.4 Conjurations
 + Level 6.1 Air Magic


You had 7 spell levels left.
You knew the following spells:

 Your Spells              Type           Power      Damage    Failure   Level
a - Shock                 Conj/Air       88%        1d8       1%          1
b - Static Discharge      Conj/Air       22%        3-6/arc   2%          2
c - Swiftness             Air            25%        N/A       3%          3

Your spell library contained the following spells:

 Spells                   Type           Power      Damage    Failure   Level
 Airstrike                Air            12%        2d(2-18)  12%         4


Dungeon Overview and Level Annotations

Branches:
Dungeon (5/15)
 Temple: D:4-7

Altars:
Cheibriados
Hepliaklqana
Trog
Wu Jian


Innate Abilities, Weirdness & Mutations

You have a beak for a mouth.
You have claws for feet.
Your magical nature lets you fly swiftly and evasively.


Message History

Confirm with . or Enter, or press ? or * to list all spells.
The gnoll is struck by an arc of lightning!
You kill the gnoll!
The gnoll is struck by an arc of lightning.
The gnoll is almost dead.
The lightning grounds out.
Unknown command.
You hit the gnoll.
You kill the gnoll!
Unknown command.
The zap hits the ogre.
The ogre is lightly wounded.
The zap hits the ogre.
The ogre is lightly wounded.
Unknown command.
Casting: Shock (safe; 1% risk of failure)
Confirm with . or Enter, or press ? or * to list all spells.
The ogre is struck by an arc of lightning.
The ogre is moderately wounded.
You are struck by an arc of lightning.
The ogre is struck by an arc of lightning.
The ogre is heavily wounded.
You are struck by an arc of lightning.
The lightning grounds out.
The ogre hits you with a +0 giant club!!
Ouch! That really hurt!
Unknown command.
Casting: Static Discharge (safe; 2% risk of failure)
Confirm with . or Enter, or press ? or * to list all spells.
You miscast Static Discharge.
You are very lightly contaminated with residual magic.
Nothing appears to happen.
The ogre hits you with a +0 giant club!
* * * LOW HITPOINT WARNING * * *
Unknown command.
Magic courses through your body.
Casting: Static Discharge (safe; 2% risk of failure)
Confirm with . or Enter, or press ? or * to list all spells.
The ogre is struck by an arc of lightning!
The ogre is severely wounded.
You are struck by an arc of lightning.
You die...

#......# #.###### #.#
#.# #†############
##†...........#
.#†...........#
.#............##########
.#............'.@O......
.##...........##########
.##...........#
.##...........#
.##...........#
.##...........#
.############## .#
######### .####.......#


You could see an ogre.

Vanquished Creatures
  A sky beast (D:5)
  2 ogres (D:4)
  A gnoll bouda (D:5)
  2 orc priests (D:3)
  A hound (D:5)
  2 iguanas (D:5)
  An orc wizard (D:3)
  Natasha (twice) (D:3)
  Robin (D:4)
  3 gnolls (D:5)
  3 adders
  A shadow imp (D:5)
  3 dart slugs
  14 orcs
  4 bats
  11 endoplasms
  3 giant cockroaches
  13 goblins
  9 hobgoblins
  10 jackals
  4 quokkas
  5 ball pythons
  4 frilled lizards
  11 kobolds
  13 rats
124 creatures vanquished.

Vanquished Creatures (collateral kills)
  An orc (D:4)
  A kobold (D:4)
2 creatures vanquished.

Grand Total: 126 creatures vanquished

Notes
Turn   | Place    | Note
-------+----------+-------------------------------------------
     0 | D:1      | Zonian the Tengu Air Elementalist began the quest for the
                  | Orb.
     0 | D:1      | Reached XP level 1. HP: 10/10 MP: 4/4
   313 | D:1      | Found a faded altar of an unknown god.
   313 | D:1      | Noticed a great orb of eyes
   320 | D:1      | Reached XP level 2. HP: 15/15 MP: 0/6
   336 | D:1      | You fall into a shaft and drop 1 floor!
  1070 | D:1      | Noticed a shining eye
  1097 | D:1      | Noticed a great orb of eyes
  1101 | D:1      | Noticed a great orb of eyes
  1412 | D:1      | Reached XP level 3. HP: 19/19 MP: 4/7
  1415 | D:1      | Learned a level 2 spell: Static Discharge
  2389 | D:3      | Reached XP level 4. HP: 24/24 MP: 6/8
  2872 | D:3      | Noticed Natasha
  2879 | D:3      | Killed Natasha
  3313 | D:3      | Noticed Natasha
  3322 | D:3      | Killed Natasha
  3323 | D:3      | Gained mutation: Your magical nature lets you fly swiftly
                  | and evasively. [Tengu growth]
  3323 | D:3      | Reached XP level 5. HP: 28/28 MP: 1/10
  3498 | D:3      | Reached skill level 5 in Air Magic
  4061 | D:3      | Reached XP level 6. HP: 21/33 MP: 7/11
  4731 | D:4      | Reached skill level 1 in Fighting
  4901 | D:4      | Noticed Robin
  4912 | D:4      | Killed Robin
  5125 | D:4      | Reached XP level 7. HP: 37/39 MP: 4/13
  5459 | D:4      | Found a hazy altar of Hepliaklqana.
  5462 | D:4      | Found a snail-covered altar of Cheibriados.
  5559 | D:4      | Found a bloodstained altar of Trog.
  5560 | D:4      | Found an ornate altar of the Wu Jian Council.
  5751 | D:5      | Entered Level 5 of the Dungeon
  5803 | D:5      | Learned a level 3 spell: Swiftness
  6095 | D:5      | Reached skill level 6 in Air Magic
  6490 | D:5      | Killed from afar by themself

Illustrated notes

Levels and vault maps discovered:
D:1:      dpeg_arrival_chambers_temple_mockup, layout_loops_corners,
          hellmonk_ecumenical_altar_watching_god
D:2:      layout_rooms, grunt_decor_mini_mirrors
D:3:      layout_rooms, uniq_natasha
D:4:      layout_loops_cross, nicolae_overflow_hidden_temple, uniq_robin
D:5:      layout_basic

Skill      XL: |  1  2  3  4  5  6  7 |
---------------+----------------------+-----
Conjurations   | 2 3 4 |  4.4
Dodging        | 3 4 |  4.3
Stealth        | 3 4 |  4.0
Air Magic      | 5 6 |  6.1
Spellcasting   | 3 |  3.8
Fighting       | 1 2 |  2.3

Action                   |  1- 3 |  4- 6 |  7- 9 || total
-------------------------+-------+-------+-------++-------
Melee: Dagger            |     6 |    42 |    28 ||    76
       Kick              |     2 |    12 |     8 ||    22
       Peck              |       |     4 |     8 ||    12
 Cast: Shock             |    70 |    70 |    25 ||   165
       Static Discharge  |       |    23 |    13 ||    36
  Use: Scroll            |     1 |     8 |     4 ||    13
       Potion            |       |     1 |     1 ||     2
 Stab: Sleeping          |     2 |       |     1 ||     3
Armor: Robe              |     4 |    15 |    20 ||    39
Dodge: Dodged            |    14 |    30 |    31 ||    75
Block: Other             |     2 |    15 |     7 ||    24
       Reflection        |       |     2 |       ||     2

Table legend: (Time is in decaauts)
 A = Elapsed time spent in this place.
 B = Non-inter-level travel time spent in this place.
 C = Inter-level travel time spent in this place.
 D = Time resting spent in this place.
 E = Time spent auto-exploring this place.
 F = Levels seen in this place.
 G = Mean time per level.
                   A        B        C        D        E       F      G
               +--------+--------+--------+--------+--------+-----+--------+
         Total |   6366 |   6213 |    153 |   1824 |   3644 |   5 | 1273.2 |
       Dungeon |   6366 |   6213 |    153 |   1824 |   3644 |   5 | 1273.2 |
               +--------+--------+--------+--------+--------+-----+--------+

Top non-repeatable levels by time:
     D:1: 1577 daAuts
     D:4: 1427 daAuts
     D:2: 1330 daAuts
     D:3: 1327 daAuts
     D:5: 703 daAuts
